 Dungeon Crawl Stone Soup version 0.31-a0-210-gccc998df9b (webtiles) character file.

Game seed: 7765819643326148761

6524 Demosthentine the Fighter (level 10, -10/73 HPs)
             Began as a Demonspawn Gladiator on June 30, 2023.
             Was a Follower of Hepliaklqana.
             Mangled by Urug
             ... wielding a +2 battleaxe
              (20 damage)
             ... on level 9 of the Dungeon.
             The game lasted 00:12:01 (8026 turns).

Demosthentine the Fighter (Demonspawn Gladiator)    Turns: 8026, Time: 00:12:03

Health: -10/73     AC: 19    Str: 23    XL:     10   Next: 69%
Magic:  13/13      EV: 16    Int:  9    God:    Hepliaklqana [*.....]
Gold:   1353       SH:  4    Dex: 17    Spells: 9/9 levels left

rFire   . . .        a - +1 trident
rCold   + . .        (no shield)
rNeg    . . .        w - +1 leather armour {rC+}
rPois   .            c - +0 helmet
rElec   .            f - +1 cloak
rCorr   .            p - +2 pair of gloves
SInv    +            (no boots)
Will    .....        (no amulet)
Stlth   +            s - +6 ring of strength
HPRegen 0.32/turn    t - ring of see invisible
MPRegen 0.26/turn

%: no passive effects
@: no status effects
A: reduced essence, hooves 1, icemail 2, magic regeneration, condensation shield
a: Renounce Religion, Recall Ancestor, Ancestor Identity


You were on level 9 of the Dungeon.
You worshipped Hepliaklqana.
Hepliaklqana was aware of your devotion.
You visited 2 branches of the dungeon, and saw 11 of its levels.

You collected 1843 gold pieces.
You spent 490 gold pieces at shops.

Inventory:

Hand Weapons
 a - a +1 trident (weapon)
Missiles
 e - a javelin
 g - 2 boomerangs of dispersal
 q - 6 boomerangs
 u - 27 poisoned darts
Armour
 c - a +0 helmet (worn)
 f - a +1 cloak (worn)
 p - a +2 pair of gloves (worn)
 w - a +1 leather armour of cold resistance (worn)
Jewellery
 o - a ring of flight
 s - a +6 ring of strength (left hand)
 t - a ring of see invisible (right hand)
Wands
 m - a wand of quicksilver (5)
 v - a wand of mindburst (30)
Scrolls
 b - a scroll of teleportation
 i - a scroll of torment
 l - 2 scrolls of fear
 y - a scroll of amnesia
Potions
 h - 4 potions of brilliance
 j - a potion of enlightenment
 k - a potion of haste
 n - a potion of cancellation
 r - 3 potions of mutation
 x - 2 potions of lignification
 z - a potion of attraction
 A - a potion of heal wounds
 C - a potion of resistance {unknown}


   Skills:
 + Level 8.5 Fighting
 + Level 8.1 Polearms
 - Level 1.7 Throwing
 - Level 6.1 Armour
 + Level 8.0 Dodging
 + Level 5.2 Invocations


You had 9 spell levels left.
You didn't know any spells.
Your spell library contained the following spells:

 Spells                   Type           Power      Damage    Failure   Level
 Apportation              Tloc           0%         N/A       41%         1
 Magic Dart               Conj           0%         1d3       41%         1
 Necrotise                Necr           0%         1d4       41%         1
 Sandblast                Erth           0%         2d4       41%         1
 Summon Small Mammal      Summ           0%         N/A       41%         1
 Passwall                 Tmut/Erth      0%         N/A       56%         2
 Searing Ray              Conj           0%         2d4       56%         2
 Static Discharge         Conj/Air       0%         2-2/arc   56%         2
 Call Canine Familiar     Summ           0%         N/A       80%         3
 Dazzling Flash           Conj/Hex       0%         N/A       80%         3
 Stone Arrow              Conj/Erth      0%         3d7       80%         3
 Summon Guardian Golem    Hex/Summ       0%         N/A       80%         3
 Tukima's Dance           Hex            0%         N/A       80%         3
 Volatile Blastmotes      Fire/Tloc      0%         2d10      80%         3
 Airstrike                Air            0%         2d(0-16)  99%         4
 Animate Armour           Summ/Erth      0%         N/A       99%         4
 Fulminant Prism          Conj/Hex       0%         3d5       99%         4
 Iskenderun's Mystic Bla  Conj/Tloc      0%         2d3       99%         4
 Passage of Golubria      Tloc           0%         N/A       99%         4
 Summon Lightning Spire   Summ/Air       0%         N/A       99%         4
 Yara's Violent Unravell  Hex/Tmut       0%         3d3       100%        5
 Starburst                Conj/Fire      0%         6d3       100%        6
 Lehudib's Crystal Spear  Conj/Erth      0%         10d2      100%        8


Dungeon Overview and Level Annotations

Branches:
Dungeon (10/15)            Temple (1/1) D:5             Orc (0/2) D:10
   Lair: D:8-11

Altars:
Ashenzari
Cheibriados
Dithmenos
Fedhas
Gozag
Hepliaklqana
Kikubaaqudgha
Makhleb
Nemelex Xobeh
Okawaru
Qazlal
Ru
Sif Muna
Trog
Uskayaw
Vehumet
Wu Jian
Xom
Yredelemnul

Shops:
D:3 ([[*   D:4 [   D:7 *=   D:9 *   D:10 ([

Annotations:
D:9 Urug


Innate Abilities, Weirdness & Mutations

Your life essence is reduced to manifest your ancestor. (-10% HP)
You have large cloven feet.
A meltable icy envelope protects you from harm. (AC +8)
You regenerate magic rapidly.
A meltable shield of frost defends you. (SH +4)


Message History

The yak barely misses you. Urug hits you but does no damage.
Unknown command.
Unknown command.
You puncture Urug!
Urug is severely wounded.
Unknown command.
You hit Urug. You kick Urug, but do no damage.
Urug is severely wounded.
The yak closely misses you. Urug hits you with a +2 battleaxe!!
Unknown command.
You are too injured to fight recklessly!
Unknown command.
You are too injured to fight recklessly!
You are too injured to fight recklessly!
Unknown command.
You are too injured to fight recklessly!
Unknown command.
Unknown command.
You are too injured to fight recklessly!
You are too injured to fight recklessly!
You are too injured to fight recklessly!
You hit Urug but do no damage.
Urug is severely wounded.
The yak gores you but does no damage. Urug hits you with a +2 battleaxe!
* * * LOW HITPOINT WARNING * * *
You puncture Urug! You kick Urug, but do no damage.
Urug is severely wounded.
The yak barely misses you. Urug hits you but does no damage.
You barely miss Urug. Your kick misses Urug.
Urug is severely wounded.
The yak gores you!
* * * LOW HITPOINT WARNING * * *
Urug closely misses you.
You puncture Urug! You kick Urug, but do no damage.
Urug is almost dead.
The yak closely misses you. Urug closely misses you.
You hit Urug but do no damage. You kick Urug, but do no damage.
Urug is almost dead.
The yak gores you but does no damage. Urug hits you with a +2 battleaxe!!
You die...

#.##.##.#
#..........###..#...
#.##.##.#
#.......##.##...#...
#.##..#.#
#.......##....#####.
#.###.#.#
#.......###.#...#...
#.###.#.###########
#.##..#.## #........########
#.##....#
##.##.##.##.....#####.##.##.#
#.##.##.##.[÷........##.##.#
#.##.......)@o.(####.......#
#.#####.##.Y.†.....#.##.####
#.#####.##......#.......#####
#.......####......#..#.......
######### ####.###..#.#####.
#......#.##.##.
########.#..... #.#...#.
#.....#.


You could see Urug and a yak.

Vanquished Creatures
  Harold (D:10)
  Pikel (D:8)
  Joseph (D:8)
  Psyche (D:8)
  2 hornets (D:9)
  A troll (D:10)
  2 wyverns
  Grum (D:10)
  A yak (D:9)
  A vampire mosquito (D:10)
  A water moccasin (D:8)
  Duvessa (D:6)
  An orc warrior (D:10)
  2 black bears
  3 ice beasts
  A wolf (D:10)
  A centaur (D:9)
  2 phantoms
  3 kobold brigands (D:9)
  4 bullfrogs
  2 scorpions
  Dowan (D:6)
  5 killer bees (D:7)
  4 howler monkeys
  A hound (D:7)
  2 orc priests
  A gnoll bouda (D:6)
  A jelly (D:5)
  2 sleepcaps
  4 iguanas
  6 orc wizards
  8 adders
  8 gnolls
  3 white imps
  A worm (D:2)
  A dart slug (D:1)
  19 orcs
  7 endoplasms
  6 giant cockroaches
  7 hobgoblins
  12 jackals
  4 quokkas
  4 ball pythons
  4 bats
  5 frilled lizards
  6 goblins
  19 kobolds
  5 rats
179 creatures vanquished.

Vanquished Creatures (collateral kills)
  3 yaks (D:9)
  A vampire mosquito (D:10)
  2 wolves (D:10)
  A bullfrog (D:9)
  6 orcs (D:10)
13 creatures vanquished.

Vanquished Creatures (others)
  4 ancestors
4 creatures vanquished.

Grand Total: 196 creatures vanquished

Notes
Turn   | Place    | Note
-------+----------+-------------------------------------------
     0 | D:1      | Demosthentine the Demonspawn Gladiator began the quest for
                  | the Orb.
     0 | D:1      | Reached XP level 1. HP: 16/16 MP: 1/1
   110 | D:1      | Gained mutation: A meltable shield of frost defends you.
                  | (SH +4) [demonic ancestry]
   110 | D:1      | Reached XP level 2. HP: 22/22 MP: 2/2
   382 | D:1      | Reached skill level 1 in Armour
   415 | D:1      | Gained mutation: You have large cloven feet. [demonic
                  | ancestry]
   415 | D:1      | Reached XP level 3. HP: 28/28 MP: 3/3
   668 | D:1      | Identified a scroll of acquirement
   668 | D:1      | Acquired 1119 gold pieces
  1108 | D:2      | Gained mutation: A meltable icy envelope protects you from
                  | harm. (AC +8) [demonic ancestry]
  1108 | D:2      | Reached XP level 4. HP: 34/34 MP: 4/4
  1471 | D:3      | Found a snail-covered altar of Cheibriados.
  1717 | D:3      | Found Aplunofo's Assorted Antiques.
  1728 | D:3      | Bought a scroll labelled WOXUEC IXZYRPH for 30 gold pieces
  1728 | D:3      | Bought a scroll labelled DIUMYE NOTUW for 30 gold pieces
  1728 | D:3      | Bought a garnet ring for 150 gold pieces
  1728 | D:3      | Bought a glowing steel ring for 150 gold pieces
  1868 | D:3      | Found a shimmering altar of Xom.
  1872 | D:3      | Found a blossoming altar of Fedhas.
  1874 | D:3      | Found a stormy altar of Qazlal.
  1950 | D:3      | Found a faded altar of an unknown god.
  1975 | D:3      | Reached XP level 5. HP: 40/41 MP: 5/5
  2001 | D:3      | Found Voemet's Antique Armour Boutique.
  2075 | D:3      | Found Esefeosi's Antique Armour Shoppe.
  2134 | D:3      | Found Repluusm's Weapon Emporium.
  2263 | D:3      | Bought a glowing leather armour for 130 gold pieces
  2370 | D:4      | Found Ipai's Armour Shop.
  2388 | D:4      | HP: 1/41 [orc priest/divine providence (8)]
  2655 | D:4      | Gained mutation: A meltable icy envelope protects you from
                  | harm. (AC +8) [demonic ancestry]
  2655 | D:4      | Reached XP level 6. HP: 44/47 MP: 6/6
  2825 | D:5      | Entered Level 5 of the Dungeon
  2825 | D:5      | Noticed an ice beast
  2993 | D:5      | Identified the +3 ring mail "Bilun" {Will+ rCorr Str+3}
  3019 | D:5      | Found a staircase to the Ecumenical Temple.
  3052 | Temple   | Entered the Ecumenical Temple
  3252 | D:5      | Killed an ice beast
  3406 | D:5      | Gained mutation: You regenerate magic rapidly. [demonic
                  | ancestry]
  3406 | D:5      | Reached XP level 7. HP: 54/54 MP: 7/7
  3543 | D:5      | Found an iron altar of Okawaru.
  3934 | D:6      | Found a broken altar of Ashenzari.
  4150 | D:6      | Reached skill level 5 in Fighting
  4150 | D:6      | Reached skill level 5 in Polearms
  4159 | D:6      | Reached skill level 5 in Dodging
  4159 | D:6      | Reached XP level 8. HP: 62/62 MP: 8/8
  4341 | D:6      | Noticed Dowan
  4342 | D:6      | Noticed Duvessa
  4365 | D:6      | Killed Duvessa
  4375 | D:6      | Killed Dowan
  4535 | D:6      | Found a hazy altar of Hepliaklqana.
  4758 | D:7      | Found Gofaly's Profane Products.
  4879 | D:7      | Found Xiatum's Jewellery Shop.
  4893 | D:7      | Found a basalt altar of Yredelemnul.
  4988 | D:7      | Reached skill level 5 in Armour
  5222 | D:7      | Reached XP level 9. HP: 69/69 MP: 9/9
  5306 | D:8      | Noticed Pikel
  5359 | D:8      | Killed Pikel
  5441 | D:8      | Found a sacrificial altar of Ru.
  5606 | D:8      | Noticed Psyche
  5607 | D:8      | Noticed Joseph
  5767 | D:8      | Killed Joseph
  5785 | D:8      | Killed Psyche
  6147 | D:6      | Became a worshipper of Hepliaklqana the Forgotten
  6200 | D:9      | Paralysed by a hornet for 1 turns
  6632 | D:9      | Found Ciavi's Gadget Gallery.
  6729 | D:9      | Reached skill level 1 in Invocations
  6848 | D:9      | Reached * piety under Hepliaklqana
  6871 | D:9      | Reached XP level 10. HP: 71/71 MP: 11/11
  7121 | D:10     | Entered Level 10 of the Dungeon
  7123 | D:10     | Noticed Grum
  7136 | D:10     | Found a hide-covered altar of Uskayaw.
  7164 | D:10     | Killed Grum
  7165 | D:10     | Noticed Urug
  7425 | D:10     | Noticed Harold
  7468 | D:10     | Killed Harold
  7480 | D:10     | Found Xeyxya's Weapon Shoppe.
  7480 | D:10     | Found a staircase to the Orcish Mines.
  7480 | D:10     | Found Difyquv's Armour Shoppe.
  7783 | D:9      | Paralysed by a hornet for 1 turns
  7796 | D:9      | Reached skill level 5 in Invocations
  8026 | D:9      | Mangled by Urug

Illustrated notes

Levels and vault maps discovered:
D:1:      ncdulo_lavacross, layout_loops_ring, minmay_hexomino_p4
D:2:      layout_loops_ring, minmay_misc_feat_diagonals
D:3:      layout_loops_ring, cheibriados_altar_1, minitemple, serial_shops,
          nicolae_shop_tiny_waterfront, shop, shop,
          nicolae_shop_tiny_statue_garden, ebering_ecumenical_altar_webs
D:4:      layout_gridville, serial_shops, nicolae_shop_tiny_waterfront
D:5:      layout_rooms, mainiacjoe_overflow_alcove_2,
          minmay_temple_entry_statues_pillars, feat_on_display
D:6:      layout_loops_corners, lemuel_crystal_altar,
          mainiacjoe_overflow_concentric_impassable, zin_treasury, uniq_duvessa
D:7:      layout_rooms, kennysheep_little_box, serial_shops,
          nicolae_shop_just_a_little_nook, roderic_roman_lattice,
          nicolae_evil_shop
D:8:      layout_rooms, nicolae_ru_the_path_less_chosen, serial_bayou_pond_a,
          uniq_psyche, uniq_joseph, uniq_pikel
D:9:      layout_loops_cross, nicolae_overflow_hidden_temple, st_stairs_8,
          nicolae_shop_gadgets
D:10:     layout_loops_ring, tso_oasis_becter, overflow_temple_1_default,
          orc_david_3, uniq_harold, uniq_urug, uniq_grum
Temple:   hellmonk_temple_forest_ring

Skill      XL: |  1  2  3  4  5  6  7  8  9 10 |
---------------+-------------------------------+-----
Polearms       | 3 4 5 6 7 8 |  8.1
Dodging        | 3 4 5 6 7 8 |  8.0
Armour         | 1 2 3 4 5 6 |  6.1
Fighting       | 3 4 5 6 7 8 |  8.5
Invocations    | 1 5 |  5.2
Throwing       | |  1.7

Action                     |  1- 3 |  4- 6 |  7- 9 | 10-12 || total
---------------------------+-------+-------+-------+-------++-------
  Melee: Trident           |   111 |   200 |   372 |   136 ||   819
         Kick              |    11 |    43 |   111 |    60 ||   225
         Punch             |       |     3 |     3 |     4 ||    10
         Unarmed           |       |       |     1 |       ||     1
  Throw: Throwing net      |       |     2 |     2 |     4 ||     8
         Dart              |       |       |       |     1 ||     1
    Use: Scroll            |     5 |     9 |     6 |     2 ||    22
         Potion            |       |     1 |       |     2 ||     3
   Stab: Sleeping          |     3 |     4 |       |     1 ||     8
         Held in net/web   |       |       |     3 |       ||     3
         Distracted        |       |       |       |     1 ||     1
 Armour: Leather armour    |    29 |    58 |   147 |    49 ||   283
  Dodge: Dodged            |    47 |    96 |   220 |   139 ||   502
  Block: Other             |    15 |    32 |    72 |    17 ||   136

Table legend: (Time is in decaauts)
 A = Elapsed time spent in this place.
 B = Non-inter-level travel time spent in this place.
 C = Inter-level travel time spent in this place.
 D = Time resting spent in this place.
 E = Time spent auto-exploring this place.
 F = Levels seen in this place.
 G = Mean time per level.
                   A        B        C        D        E       F      G
               +--------+--------+--------+--------+--------+-----+--------+
         Total |   8074 |   7485 |    589 |    314 |   5302 |  11 |  734.0 |
       Dungeon |   7918 |   7330 |    588 |    314 |   5171 |  10 |  791.8 |
        Temple |    155 |    155 |      0 |      0 |    131 |   1 |  155.0 |
               +--------+--------+--------+--------+--------+-----+--------+

Top non-repeatable levels by time:
     D:9: 1705 daAuts
     D:6: 1008 daAuts
     D:3: 900 daAuts
     D:2: 779 daAuts
     D:4: 731 daAuts
     D:1: 719 daAuts
     D:7: 714 daAuts
     D:5: 613 daAuts
     D:8: 596 daAuts
  Temple: 155 daAuts
    D:10: 149 daAuts
